 Dungeon Crawl Stone Soup version 0.31-a0-750-gfe7b580527 (webtiles) character file.

Game seed: 5380073497133748030

305 javelincjr the Conjurer (level 6, -4/36 HPs)
             Began as an Octopode Conjurer on Sept 14, 2023.
             Slain by an orc
             ... wielding a +0 war axe
              (11 damage)
             ... on level 4 of the Dungeon.
             The game lasted 00:12:09 (3447 turns).

javelincjr the Conjurer (Octopode Conjurer)         Turns: 3447, Time: 00:12:10

Health: -4/36      AC:  1    Str:  6    XL:     6   Next: 39%
Magic:  13/20      EV: 13    Int: 22    God:
Gold:   186        SH:  0    Dex: 11    Spells: 9/12 levels left

rFire   . . .        o - +2 dagger (vamp)
rCold   . . .        (no shield)
rNeg    . . .        (helmet restricted)
rPois   .            (no amulet)
rElec   .            c - ring of magical power
rCorr   .            (no ring)
SInv    .            (no ring)
Will    .....        (no ring)
Stlth   +++          (no ring)
HPRegen 0.26/turn    (no ring)
MPRegen 0.17/turn    (no ring)
                     (no ring)

%: no passive effects
@: mighty, lethally poisoned (-4 -> -6)
A: almost no armour, amphibious, 8 rings, camouflage 1, gelatinous body 1,
(nimble swimmer 1), tentacles
a: no special abilities


You were on level 4 of the Dungeon.
You visited 1 branch of the dungeon, and saw 4 of its levels.

You collected 186 gold pieces.

Inventory:

Hand Weapons
 o - a +2 vampiric dagger (weapon)
Missiles
 g - 4 curare-tipped darts
Jewellery
 c - a ring of magical power (left tentacle)
Scrolls
 f - 6 scrolls of identify {unknown}
 i - a scroll of torment {unknown}
 j - a scroll of enchant weapon {unknown}
 k - a scroll of vulnerability {unknown}
 n - a scroll of silence {unknown}
 p - a scroll of fog {unknown}
Potions
 a - a potion of magic
 b - a potion of brilliance {unknown}
 d - a potion of attraction {unknown}
 e - a potion of might
 h - a potion of heal wounds {unknown}
 l - a potion of curing {unknown}
 m - a potion of lignification {unknown}


   Skills:
 + Level 3.1 Dodging
 + Level 4.4 Stealth
 * Level 3.8 Spellcasting
 * Level 5.3 Conjurations


You had 9 spell levels left.
You knew the following spells:

 Your Spells              Type           Power      Damage    Failure   Level
a - Magic Dart            Conj           100%       1d8       1%          1
b - Searing Ray           Conj           54%        2d6       1%          2

Your spell library contained the following spells:

 Spells                   Type           Power      Damage    Failure   Level
 Dazzling Flash           Conj/Hex       32%        N/A       12%         3
 Fulminant Prism          Conj/Hex       8%         3d7       36%         4
 Iskenderun's Mystic Bla  Conj/Tloc      16%        2d5       36%         4


Dungeon Overview and Level Annotations

Branches:
Dungeon (4/15)
 Temple: D:4-7

Altars:
Cheibriados
Uskayaw

Shops:
D:2 (((*

Annotations:
D:4 Edmund, Grinder


Innate Abilities, Weirdness & Mutations

You cannot wear most types of armour.
You are amphibious.
You can wear up to eight rings at the same time.
Your skin changes colour to match your surroundings (Stealth+).
Your rubbery body absorbs attacks. (AC +1, EV +1)
((You are camouflaged when in or above water. (Stealth+)))
You have tentacles for arms and can constrict up to eight enemies at once.


Message History

The scorpion stings you.
You are poisoned.
The scorpion poisons you! The orc barely misses you. The scorpion stings you!
A kobold comes into view. It is wielding a +0 dagger.
The orc hits you with a +0 hand axe.
The searing ray hits the orc!
You kill the orc!
You feel very sick.
The kobold shouts!
The orc barely misses you. The scorpion barely misses you.
Casting: Searing Ray (safe; 1% risk of failure)
Confirm with . or Enter, or press ? or * to list all spells.
You don't know that spell.
You feel sick. The scorpion barely misses you.
Casting: Searing Ray (safe; 1% risk of failure)
Confirm with . or Enter, or press ? or * to list all spells.
Aiming: Searing Ray (safe; 1% risk of failure)
Press: ? - help, Shift-Dir - straight line, f - scorpion
Aim: a scorpion (79% to hit)
The searing ray hits the scorpion.
The scorpion is moderately wounded. (Press . to maintain the ray.)
You feel sick. The orc closely misses you. The scorpion stings you.
* * * LOW HITPOINT WARNING * * *
The searing ray hits the scorpion.
The scorpion is heavily wounded.
You feel sick. The orc closely misses you. The scorpion closely misses you.
The searing ray hits the scorpion.
The scorpion is severely wounded.
You feel sick. The scorpion barely misses you. The orc closely misses you.
The scorpion closely misses you.
The searing ray hits the scorpion!
You kill the scorpion!
You finish channelling your searing ray.
You feel sick. The orc barely misses you.
Okay, then.
It was a potion of might.
You feel very mighty all of a sudden.
You feel sick. The orc hits you with a +0 war axe!
You die...

..##.......##. ..
............. ...
...........# ..#
..>$..)....###..#
.......[........#.
..................
..........).....#
.........K<.....#
#..##....@......##.
#. #......o...?...$
##.................
#..##...........[.
#.......†..<.......
......$............
.................
.................
...............


You could see an orc and a kobold.

Vanquished Creatures
  A phantom (D:2)
  A scorpion (D:4)
  An iguana (D:4)
  6 adders
  A worm (D:2)
  3 dart slugs
  7 orcs
  5 bats
  11 endoplasms
  A giant cockroach (D:1)
  7 goblins
  2 hobgoblins (D:1)
  4 quokkas
  10 ball pythons
  A frilled lizard (D:3)
  10 kobolds
  5 rats
76 creatures vanquished.

Notes
Turn   | Place    | Note
-------+----------+-------------------------------------------
     0 | D:1      | javelincjr the Octopode Conjurer began the quest for the
                  | Orb.
     0 | D:1      | Reached XP level 1. HP: 11/11 MP: 3/3
   351 | D:1      | Reached XP level 2. HP: 17/17 MP: 5/5
   354 | D:1      | Learned a level 2 spell: Searing Ray
  1164 | D:1      | Reached XP level 3. HP: 21/21 MP: 6/6
  1441 | D:1      | Found a snail-covered altar of Cheibriados.
  1501 | D:2      | Found a hide-covered altar of Uskayaw.
  1501 | D:2      | Noticed a phantom
  1752 | D:2      | Found a faded altar of an unknown god.
  1898 | D:2      | Reached XP level 4. HP: 27/27 MP: 8/8
  1969 | D:2      | Found Hagats's Weapon Shop.
  1975 | D:2      | Found Peil Noi's General Store.
  2160 | D:2      | Found Rehuurum's Weapon Shoppe.
  2200 | D:2      | Found Oblihimusy's Antique Weapon Boutique.
  2232 | D:2      | Killed a phantom
  2233 | D:2      | Reached XP level 5. HP: 31/31 MP: 9/9
  2309 | D:2      | Reached skill level 5 in Conjurations
  3295 | D:4      | Noticed Grinder
  3295 | D:4      | Noticed Edmund
  3346 | D:4      | Reached XP level 6. HP: 33/36 MP: 11/11
  3447 | D:4      | Slain by an orc

Illustrated notes

Levels and vault maps discovered:
D:1:      dpeg_arrival_lava_altar, layout_basic
D:2:      layout_loops_ring, nicolae_ecumenical_lake_church, serial_shops,
          nicolae_shop_gibbet_a_chance, shop, nicolae_shop_peninsula,
          nicolae_shop_window_shopping, basic_altar
D:3:      layout_basic
D:4:      layout_rooms, lemuel_blue_sif_altar, minmay_misc_feat_pillars,
          uniq_grinder, uniq_edmund

Skill      XL: |  1  2  3  4  5 |
---------------+----------------+-----
Stealth        | 3 4 |  4.4
Spellcasting   | 3 |  3.8
Conjurations   | 5 |  5.3
Dodging        | 3 |  3.1

Action                     |  1- 3 |  4- 6 || total
---------------------------+-------+-------++-------
  Melee: Unarmed           |     4 |     2 ||     6
         Tentacles         |     1 |     1 ||     2
         Constrict         |     1 |     1 ||     2
         Dagger            |       |     5 ||     5
   Cast: Magic Dart        |    70 |    57 ||   127
         Searing Ray       |     5 |    10 ||    15
    Use: Potion            |       |     1 ||     1
 Armour: Skin              |     9 |    11 ||    20
  Dodge: Dodged            |     8 |    23 ||    31

Table legend: (Time is in decaauts)
 A = Elapsed time spent in this place.
 B = Non-inter-level travel time spent in this place.
 C = Inter-level travel time spent in this place.
 D = Time resting spent in this place.
 E = Time spent auto-exploring this place.
 F = Levels seen in this place.
 G = Mean time per level.
                   A        B        C        D        E       F      G
               +--------+--------+--------+--------+--------+-----+--------+
         Total |   3447 |   3347 |    100 |    136 |   2756 |   4 |  861.8 |
       Dungeon |   3447 |   3347 |    100 |    136 |   2756 |   4 |  861.8 |
               +--------+--------+--------+--------+--------+-----+--------+

Top non-repeatable levels by time:
     D:1: 1491 daAuts
     D:2: 1088 daAuts
     D:3: 829 daAuts
     D:4: 37 daAuts
